 Dungeon Crawl Stone Soup version 0.20-a0-1124-g2e29d97 (webtiles) character file.

14982 Naow the Severer (level 11, -4/142 HPs)
             Began as a Minotaur Berserker on May 16, 2017.
             Was a High Priest of Trog.
             Slain by a ten-headed hydra (6 damage)
             ... on level 12 of the Dungeon.
             The game lasted 00:12:42 (11321 turns).

Naow the Severer (Minotaur Berserker)              Turns: 11321, Time: 00:12:43

Health: -4/142     AC: 21    Str: 30    XL:     11   Next: 95%
Magic:  10/10      EV:  8    Int:  4    God:    Trog [*****.]
Gold:   520        SH:  0    Dex: 10    Spells: 10/10 levels left

rFire    . . .     SeeInvis .   P - +0 battleaxe
rCold    . . .     Gourm    .   (shield currently unavailable)
rNeg     . . .     Faith    .   I - +3 plate armour
rPois    .         Spirit   .   (helmet restricted)
rElec    .         Reflect  .   y - +0 cloak
rCorr    .         Harm     .   B - +0 pair of gloves
MR       .....                  j - +0 pair of boots
Stlth    ..........             s - amulet of magic regeneration
Regen    0.4/turn               r - ring of loudness (curse)
MPRegen  0.2/turn               (no ring)

@: berserking, very quick
A: retaliatory headbutt, horns 2
a: Berserk, Trog's Hand, Brothers in Arms, Burn Spellbooks, Renounce Religion


You were on level 12 of the Dungeon.
You worshipped Trog.
Trog was extremely pleased with you.
You were hungry.

You visited 1 branch of the dungeon, and saw 14 of its levels.

You collected 674 gold pieces.
You spent 154 gold pieces at shops.

Inventory:

Hand Weapons
 a - a +0 hand axe
 P - a +0 battleaxe (weapon)
Armour
 b - a +0 animal skin
 d - a +0 plate armour
 j - a +0 pair of boots (worn)
 y - a +0 cloak (worn)
 B - a +0 pair of gloves (worn)
 I - a +3 plate armour (worn)
 O - a +1 buckler of protection
Jewellery
 r - a cursed ring of loudness (left hand)
 s - an amulet of magic regeneration (around neck)
Wands
 E - a wand of iceblast (2/15)
 J - a wand of polymorph (13/24)
 L - a wand of lightning (6/15)
 Q - a wand of acid (5/15)
 R - a wand of acid (8/15)
 T - a wand of iceblast (4/15)
Scrolls
 e - 2 scrolls of immolation {unknown}
 h - 9 scrolls of identify {unknown}
 l - 10 scrolls of remove curse {unknown}
 n - 4 scrolls of recharging {unknown}
 q - 2 scrolls of magic mapping {unknown}
 u - 8 scrolls of fog {unknown}
 x - 2 scrolls of blinking {unknown}
 A - 3 scrolls of teleportation {unknown}
 C - 3 scrolls of fear {unknown}
 D - 5 scrolls of enchant weapon {unknown}
 G - a scroll of noise {unknown}
 K - a scroll of torment {unknown}
 M - a scroll of amnesia {unknown}
 S - a scroll of brand weapon {unknown}
Potions
 f - 2 potions of resistance {unknown}
 g - 2 potions of lignification {unknown}
 i - 2 potions of might {unknown}
 m - 10 potions of curing
 o - a potion of mutation {unknown}
 t - a potion of berserk rage {unknown}
 v - a potion of heal wounds
 w - a potion of invisibility {unknown}
 z - 9 potions of brilliance {unknown}
 N - 3 potions of flight {unknown}
 U - a potion of haste
Books
 F - a book of Cantrips

   Spells                             Type                      Level
   a - Confusing Touch                Hexes                        1
   b - Animate Skeleton               Necromancy                   1
   c - Summon Small Mammal            Summoning                    1
   d - Apportation                    Translocation                1
   Trog disapproves of the use of such an item.
Comestibles
 c - 7 bread rations
 k - 9 royal jellies
 p - 7 meat rations
 H - 9 fruits


   Skills:
 + Level 8.7 Fighting
 + Level 18.9 Axes
 + Level 8.6 Armour
 - Level 2.1 Dodging


You had 10 spell levels left.
You didn't know any spells.

Dungeon Overview and Level Annotations

Branches:
Dungeon (14/15)            Temple (0/1) D:7            Lair (0/6) D:9
    Orc: D:9-12      Vaults: D:13-14

Altars:
Dithmenos
Gozag
Okawaru
Sif Muna
Trog
Vehumet
Zin
The Shining One

Shops:
D:4 :   D:9 =   D:12 !   D:13 :


Innate Abilities, Weirdness & Mutations

You reflexively headbutt those who attack you in melee.
You have a pair of horns on your head.


Message History

You are feeling hungry.
The nine-headed hydra bites you but does no damage. x2
The nine-headed hydra bites you.
* * * LOW HITPOINT WARNING * * *
The nine-headed hydra bites you but does no damage. x3
The nine-headed hydra bites you!
* * * LOW HITPOINT WARNING * * *
The nine-headed hydra bites you but does no damage. x2
You hack one of the nine-headed hydra's heads off!
The eight-headed hydra grows two more!
You slash the ten-headed hydra! You headbutt the ten-headed hydra!
The ten-headed hydra is heavily wounded.
The ten-headed hydra bites you.
* * * LOW HITPOINT WARNING * * *
The ten-headed hydra bites you but does no damage.
The ten-headed hydra bites you!
* * * LOW HITPOINT WARNING * * *
The ten-headed hydra bites you but does no damage. x2
The ten-headed hydra bites you.
You die...

################## .
.................. ..
.................. ...
........@.....### ....
.........D.......
.....#####............
............=.........
..####'#####+####....
#.......# ...
#.......# ..
###########...# #
≈≈≈≈≈≈≈≈≈≈#...#


You could see a ten-headed hydra.

Vanquished Creatures
  2 two-headed ogres (D:8)
  An unseen horror (D:12)
  A deep elf mage (D:12)
  2 ugly things
  3 cyclopes
  Joseph (D:8)
  Maurice (D:10)
  2 centaur skeletons
  A gargoyle (D:10)
  2 tengu conjurers (D:13)
  2 trolls
  4 slime creatures (D:12)
  A hippogriff (D:8)
  A shadow (D:12)
  A water elemental (D:12)
  A wraith (D:12)
  4 hogs (D:7)
  3 yaks (D:9)
  4 vampire mosquitoes (D:13)
  A human (D:7)
  2 acid dragons
  2 ice beasts
  2 orc warriors
  3 sky beasts
  A necrophage (D:7)
  A black bear (D:6)
  3 ogres
  7 centaurs
  A crocodile (D:12)
  2 big kobolds
  2 bullfrogs (D:7)
  A water moccasin skeleton (D:7)
  2 scorpions
  20 killer bees
  6 howler monkeys
  4 crimson imps
  6 hounds
  3 quasits
  Crazy Yiuf (D:4)
  A centaur zombie (D:6)
  3 jellies
  6 bullfrog skeletons
  3 orc priests (D:4)
  Terence (D:3)
  12 orc wizards
  Natasha (thrice) (D:4)
  3 iguanas
  7 worker ants
  2 worker ant zombies (D:5)
  3 gnolls (D:8)
  2 howler monkey skeletons
  7 adders
  3 shadow imps
  4 oozes
  An adder skeleton (D:5)
  3 worms
  A dart slug (D:1)
  4 leopard geckos
  28 orcs
  4 bats
  3 giant cockroaches
  11 goblins
  4 hobgoblins
  7 jackals
  22 kobolds
  4 quokkas
  A ball python (D:2)
  2 frilled lizards
  A leopard gecko skeleton (D:4)
  4 rats
267 creatures vanquished.

Notes
Turn   | Place    | Note
-------+----------+-------------------------------------------
     0 | D:1      | Naow the Minotaur Berserker began the quest for the Orb.
     0 | D:1      | Reached XP level 1. HP: 19/19 MP: 0/0
   151 | D:1      | Reached skill level 4 in Axes
   253 | D:1      | Reached XP level 2. HP: 26/26 MP: 1/1
   896 | D:2      | Found a bloodstained altar of Trog.
   898 | D:2      | Found an opulent altar of Gozag.
   898 | D:2      | Found an iron altar of Okawaru.
   898 | D:2      | Found a deep blue altar of Sif Muna.
   992 | D:2      | Reached skill level 5 in Axes
  1166 | D:3      | Reached XP level 3. HP: 30/31 MP: 2/2
  1467 | D:3      | Noticed Terence
  1477 | D:3      | Killed Terence
  1477 | D:3      | Reached skill level 6 in Axes
  1477 | D:3      | Reached XP level 4. HP: 36/39 MP: 3/3
  1489 | D:3      | Reached ** piety under Trog
  1744 | D:3      | Found a glowing golden altar of the Shining One.
  2399 | D:4      | Reached skill level 7 in Axes
  2399 | D:4      | Reached XP level 5. HP: 39/45 MP: 4/4
  2592 | D:4      | Found Qeclox's Book Emporium.
  2762 | D:4      | Noticed Natasha
  2773 | D:4      | Killed Natasha
  2773 | D:4      | Reached skill level 8 in Axes
  2773 | D:4      | Reached XP level 6. HP: 41/51 MP: 5/5
  2807 | D:4      | Noticed Natasha
  2811 | D:4      | Killed Natasha
  3020 | D:4      | Noticed Natasha
  3033 | D:4      | Killed Natasha
  3033 | D:4      | Reached skill level 9 in Axes
  3133 | D:4      | Found a runed door.
  3192 | D:4      | Noticed Crazy Yiuf
  3200 | D:4      | Killed Crazy Yiuf
  3342 | D:5      | Entered Level 5 of the Dungeon
  3592 | D:5      | Reached XP level 7. HP: 22/57 MP: 6/6
  3735 | D:5      | Reached skill level 10 in Axes
  3878 | D:5      | Reached *** piety under Trog
  3979 | D:5      | Found a shadowy altar of Dithmenos.
  4049 | D:5      | Reached skill level 11 in Axes
  4659 | D:6      | Reached XP level 8. HP: 42/64 MP: 7/7
  4855 | D:6      | Reached skill level 12 in Axes
  5421 | D:7      | Found a staircase to the Ecumenical Temple.
  5537 | D:7      | Reached skill level 13 in Axes
  5830 | D:7      | Reached XP level 9. HP: 70/70 MP: 8/8
  6093 | D:7      | Reached skill level 14 in Axes
  6095 | D:7      | Found a glowing silver altar of Zin.
  6241 | D:7      | Reached **** piety under Trog
  6259 | D:7      | Reached skill level 15 in Axes
  7194 | D:8      | Noticed Joseph
  7199 | D:8      | Noticed a two-headed ogre
  7211 | D:8      | Killed Joseph
  7211 | D:8      | Reached skill level 16 in Axes
  7213 | D:8      | Killed a two-headed ogre
  7213 | D:8      | Reached XP level 10. HP: 77/77 MP: 9/9
  7480 | D:8      | Reached skill level 17 in Axes
  7715 | D:8      | Noticed a two-headed ogre
  7725 | D:8      | Killed a two-headed ogre
  8225 | D:9      | Found Myiran's Jewellery Emporium.
  8578 | D:9      | Found a staircase to the Lair.
  8611 | D:9      | Reached skill level 5 in Fighting
  8775 | D:10     | Entered Level 10 of the Dungeon
  8905 | D:10     | Noticed Maurice
  8926 | D:10     | Killed Maurice
  8926 | D:10     | Reached skill level 18 in Axes
  9273 | D:10     | Noticed a gargoyle
  9279 | D:10     | Killed a gargoyle
  9279 | D:10     | Reached ***** piety under Trog
  9279 | D:10     | Reached skill level 5 in Armour
  9279 | D:10     | Reached XP level 11. HP: 72/88 MP: 10/10
  9617 | D:11     | Noticed a cyan ugly thing
  9627 | D:11     | Killed a cyan ugly thing
  9725 | D:11     | You fall through a shaft for 3 floors!
  9921 | D:13     | Found Jiejitus's Book Shop.
 10179 | D:13     | Noticed a green ugly thing
 10189 | D:13     | Killed a green ugly thing
 10341 | D:13     | Found a radiant altar of Vehumet.
 10692 | D:12     | Found Vipeh's Distillery.
 10700 | D:12     | Bought a potion of curing for 33 gold pieces
 10700 | D:12     | Bought a potion of curing for 33 gold pieces
 10700 | D:12     | Bought a potion of curing for 33 gold pieces
 10700 | D:12     | Bought a potion of heal wounds for 55 gold pieces
 10978 | D:12     | Killed an unseen horror
 11117 | D:12     | Noticed a deep elf mage
 11125 | D:12     | Killed a deep elf mage
 11311 | D:12     | Noticed a seven-headed hydra
 11321 | D:12     | HP: 2/142 [ten-headed hydra (9)]
 11321 | D:12     | Slain by a ten-headed hydra

Vault maps used:
D:1:      minmay_arrival_solitary_statue, minmay_crystal_water
D:2:      chequers_temple_overflow_statue_of_worship, hangedman_decor_points,
          grunt_ministairs_5
D:3:      kennysheep_the_goblin_king, lemuel_crystal_altar, uniq_terence
D:4:      serial_shops, shop, uniq_crazy_yiuf_cottage, uniq_natasha
D:5:      first_bread, grunt_dithmenos_smoke_and_mirrors
D:7:      marbit_many_paths, minmay_temple_entry_statues_pillars,
          kennysheep_nondescript, grunt_livestock
D:8:      uniq_joseph
D:9:      lair_entry_dummy, serial_shops, shop
D:10:     uniq_maurice
D:12:     orc_0_dummy, serial_shops, shop, kennysheep_dice
D:13:     serial_shops, shop, basic_altar, uniq_josephine
D:14:     erik_vaults_2, serial_glass, glass_columns_a, glass_columns_a,
          glass_columns_b, glass_columns_a, glass_columns_a, glass_columns_b,
          glass_columns_a, glass_columns_c, serial_shops, bzr_entry_water

Skill      XL: |  1  2  3  4  5  6  7  8  9 10 11 |
---------------+----------------------------------+-----
Axes           | 4 5 6 7 8 9 11 13 16 18 | 18.9
Fighting       | 5 8 |  8.7
Armour         | 5 8 |  8.6
Dodging        | |  2.1

Action                   |  1- 3 |  4- 6 |  7- 9 | 10-12 || total
-------------------------+-------+-------+-------+-------++-------
Melee: Hand axe          |    67 |   140 |   330 |   103 ||   640
       Headbutt          |     9 |    23 |    68 |    69 ||   169
       Battleaxe         |       |       |       |   236 ||   236
Invok: Berserk           |     1 |     2 |     4 |     9 ||    16
       Trog's Hand       |       |       |       |     2 ||     2
  Use: Potion            |       |       |       |     1 ||     1
 Stab: Sleeping          |     1 |       |       |       ||     1
  Eat: Chunk             |     2 |     8 |    12 |    20 ||    42
       Royal jelly       |       |       |     2 |     1 ||     3
Armor: Animal skin       |     7 |     6 |       |       ||    13
       Plate armour      |       |    64 |   146 |   257 ||   467
Dodge: Dodged            |    36 |    51 |    85 |   152 ||   324
